Map: Lightshade LE

Players

Denver

  • Race: Zerg Zerg

uThermal - Winner!

  • Race: Terran Terran

Event: DreamHack SC2 Masters 2021 Fall

VOD

Have the link to the VOD?

Description

Time

  • Played on: Aug. 8, 2021, 12:41 p.m.
  • Length: 8:50

All games in this series

Show
View Real Time Build Order
Export as new Build Order

Denver Zerg 

Build Orders: Pool First 

Get SALT Encoding   

  12  0:00  Drone  
  13  0:12  Overlord  
  13  0:17  Drone  
  14  0:31  Drone x2  
  14  0:34  Drone  
  17  0:36  Extractor  
  16  0:45  Drone  
  17  0:50  Spawning Pool  
  17  0:56  Drone  
  17  1:16  Hatchery  
  16  1:21  Drone  
  17  1:32  Drone  
  18  1:37  Queen  
  20  1:42  Metabolic Boost  
  20  1:49  Overlord  
  20  1:52  Zergling x2  
  21  1:56  Drone  
  22  2:08  Drone  
  23  2:14  Queen  
  25  2:18  Drone  
  26  2:25  Drone  
  26  2:27  Queen  
  29  2:32  Drone  
  30  2:37  Zergling x2  
  30  2:39  Overlord  
  31  2:46  Zergling x8  
  35  2:53  Zergling x2  
  36  3:03  Hatchery  
  35  3:07  Drone x2  
  35  3:12  Drone x2  
  38  3:19  Drone  
  39  3:23  Drone x3  
  41  3:27  Overlord  
  41  3:30  Overlord  
  41  3:32  Drone  
  41  3:38  Drone x2  
  41  3:39  Drone  
  43  3:44  Drone  
  43  3:47  Queen  
  45  3:49  Drone  
  45  3:53  Drone x2  
  48  3:58  Overlord  
  48  4:02  Baneling Nest  
  48  4:05  Queen  
  48  4:09  Drone x2  
  52  4:10  Drone  
  52  4:13  Overlord  
  52  4:18  Queen  
  52  4:23  Drone x3  
  57  4:29  Drone x3  
  57  4:30  Drone  
  62  4:31  Drone  
  62  4:35  Zergling x4  
  64  4:41  Zergling x2  
  64  4:42  Zergling x2  
  64  4:45  Queen  
  68  4:48  Zergling x6  
  68  4:52  Baneling x3  
  70  4:53  Zergling x6  
  70  4:58  Zergling x2  
  70  4:59  Lair  
  74  5:02  Extractor  
  74  5:03  Zergling x2  
  74  5:04  Zergling x8  
  74  5:06  Baneling  
  68  5:16  Drone  
  68  5:17  Drone x5  
  59  5:22  Drone x3  
  59  5:28  Drone x3  
  63  5:32  Drone  
  63  5:33  Drone x2  
  63  5:34  Burrow  
  63  5:35  Drone x2  
  68  5:37  Drone  
  69  5:46  Drone x3  
  69  5:47  Extractor  
  71  5:56  Drone x3  
  74  5:59  Drone x3  
  74  6:00  Centrifical Hooks  
  74  6:04  Hatchery  
  76  6:07  Drone x5  
  76  6:10  Extractor  
  76  6:11  Extractor  
  79  6:12  Overlord  
  79  6:19  Drone  
  79  6:20  Drone  
  79  6:21  Overlord  
  79  6:22  Evolution Chamber x2  
  79  6:25  Overseer  
  79  6:26  Drone x3  
  79  6:30  Overlord  
  82  6:33  Zergling x12  
  82  6:37  Overlord  
  88  6:41  Baneling x2  
  88  6:42  Baneling x3  
  88  6:44  Drone x2  
  90  6:50  Drone x4  
  90  6:53  Zerg Melee Weapons Level 1, Zerg Ground Armor Level 1  
  94  6:56  Drone x3  
  97  7:02  Drone x8  
  97  7:03  Drone  
  97  7:08  Baneling x8  
  106  7:12  Drone  
  106  7:13  Overlord x2  
  106  7:17  Overlord  
  106  7:19  Hydralisk Den  
  106  7:21  Baneling  
  106  7:22  Baneling x3, Overlord  
  105  7:27  Zergling x12  
  111  7:30  Overlord  
  111  7:31  Overlord  
  111  7:35  Extractor  
  111  7:36  Overlord  
  109  7:41  Zergling x4  
  109  7:42  Zergling x8  
  115  7:45  Spore Crawler, Baneling x3  
  115  7:46  Baneling  
  115  7:47  Zergling x6, Baneling x2  
  117  7:54  Hydralisk  
  117  7:55  Hydralisk x3  
  125  8:03  Zergling x8  
  125  8:04  Zergling x12  
  134  8:08  Baneling x9  
  134  8:11  Zergling x6  
  136  8:21  Zergling x2  
  136  8:22  Zergling x6  
  118  8:31  Zergling x8  
  121  8:34  Baneling x3  
Show
View Real Time Build Order
Export as new Build Order

uThermal Terran - Winner!

Build Orders:  

Get SALT Encoding   

  12  0:00  SCV  
  13  0:12  SCV  
  14  0:17  Supply Depot  
  14  0:24  SCV  
  15  0:38  SCV  
  15  0:40  Barracks  
  16  0:43  Refinery  
  16  0:50  SCV  
  17  1:02  SCV  
  18  1:15  SCV  
  19  1:27  Barracks Reactor, Orbital Command  
  19  1:39  Command Center  
  19  1:47  Supply Depot  
  19  1:53  SCV  
  20  2:03  Marine, Barracks  
  20  2:04  Marine  
  20  2:08  SCV  
  23  2:15  Bunker  
  23  2:21  Marine  
  23  2:22  Marine, SCV  
  25  2:30  Barracks  
  25  2:34  SCV  
  26  2:39  Marine x2  
  28  2:47  SCV  
  28  2:51  Barracks Tech Lab  
  29  2:54  Orbital Command  
  29  2:57  Marine  
  30  2:59  Marine, SCV  
  32  3:09  Marine, Stimpack  
  32  3:11  SCV  
  34  3:15  Marine  
  34  3:17  Marine, Barracks Tech Lab  
  34  3:19  SCV  
  37  3:23  SCV  
  37  3:27  Marine  
  38  3:32  SCV, Supply Depot  
  38  3:33  Marine  
  41  3:41  Marine  
  42  3:45  SCV  
  42  3:46  Marine  
  44  3:48  Combat Shield  
  44  3:49  Marine  
  44  3:50  SCV  
  44  3:54  Marine  
  44  3:55  Supply Depot  
  47  3:58  SCV  
  47  3:59  Marine  
  49  4:03  SCV  
  49  4:05  Marine  
  49  4:06  Refinery  
  49  4:08  Refinery  
  49  4:09  Marine  
  51  4:11  SCV  
  51  4:14  Marine  
  51  4:16  Marine  
  55  4:18  Supply Depot  
  55  4:20  SCV  
  56  4:28  Factory  
  56  4:30  Marine  
  58  4:32  Marine  
  58  4:33  Marine  
  58  4:37  Engineering Bay  
  58  4:38  SCV  
  60  4:39  Marine  
  60  4:45  SCV  
  62  4:46  Supply Depot  
  62  4:50  SCV  
  62  4:51  Marine  
  64  4:53  Marine x2  
  64  4:57  SCV  
  64  4:59  Marine  
  68  5:02  SCV  
  69  5:09  Marine, SCV  
  67  5:14  SCV  
  67  5:15  Marine  
  57  5:21  SCV  
  57  5:22  Marine x2  
  57  5:23  Factory Reactor, Starport  
  57  5:26  SCV, Terran Infantry Weapons Level 1  
  57  5:29  Marine  
  57  5:33  Marine, SCV  
  57  5:35  Refinery  
  60  5:38  SCV  
  60  5:40  Marine  
  60  5:42  Marine  
  63  5:43  Supply Depot  
  63  5:45  SCV  
  63  5:47  Marine  
  65  5:50  Marine, SCV  
  67  5:57  Marine, SCV  
  69  6:05  Command Center  
  69  6:06  Medivac  
  69  6:07  Marine, Medivac  
  69  6:10  Barracks Reactor  
  74  6:12  Siege Tank  
  74  6:15  Marine  
  74  6:17  Marine  
  79  6:23  Barracks  
  79  6:24  Marine  
  80  6:26  Barracks  
  80  6:31  Supply Depot  
  80  6:33  Marine  
  80  6:34  Marine  
  80  6:36  Medivac x2  
  86  6:48  Supply Depot  
  86  6:52  Marine x5  
  86  6:53  Siege Tank  
  94  7:01  Supply Depot  
  94  7:06  Supply Depot  
  94  7:09  Liberator  
  94  7:10  Marine x2, Liberator  
  94  7:12  Supply Depot  
  94  7:14  Barracks Reactor  
  94  7:15  Barracks Reactor  
  102  7:16  Marine x3  
  102  7:21  SCV x2  
  107  7:27  Siege Tank  
  107  7:28  Marine  
  111  7:31  Marine  
  111  7:33  SCV  
  111  7:34  Marine, SCV  
  111  7:35  Marine  
  116  7:38  Marine  
  117  7:45  Orbital Command  
  117  7:46  Marine  
  117  7:49  Marine  
  117  7:50  SCV  
  120  7:52  Marine  
  120  7:55  Marine  
  120  7:56  Marine x3  
  125  8:02  Marine x2, Supply Depot  
  125  8:04  Marine  
  128  8:06  Marine  
  128  8:07  SCV  
  128  8:10  Marine  
  130  8:13  Marine x3  
  130  8:16  Marine  
  134  8:20  Marine x2  
  134  8:21  Marine  
  134  8:24  Marine  
  126  8:28  Marine  
  126  8:31  Marine x2  
  127  8:35  SCV  
  127  8:36  SCV  

Tags
 
Add a new tag
Caveats
  • Supply blocks, unpowered buildings, or Contaminate may cause inaccurate times.
  • Supply counts are checked every 10 seconds.